 Dungeon Sprint DCSS version 0.15-a0-2165-g9981db6 (webtiles) character file.

43508 BluebellGnoll the Spry (level 14, -9/166 HPs)
             Began as an Ogre Hunter on July 20, 2014.
             Was the Champion of Okawaru.
             Mangled by a spriggan berserker
             ... wielding a +0 antimagic quarterstaff
              (44 damage)
             ... in the Dungeon (Sprint IX: "|||||||||||||||||||||||||||||").
             The game lasted 00:36:36 (4308 turns).

BluebellGnoll the Spry (Ogre Hunter)                Turns: 4308, Time: 00:36:36

HP  -9/166       AC 13     Str 24      XL: 14   Next: 24%
MP  26/26        EV 18     Int 15 (16) God: Okawaru [******]
Gold 390         SH  0     Dex 10      Spells:  3 memorised,  6 levels left

rFire  + . .     SeeInvis .     o - +2 dire flail (protect)
rCold  + . .     Clarity  .     y - +2 robe {rN+}
rNeg   + . .     rCorr    .     (shield restricted)
rPois  .         rRot     .     q - +2 hat
rElec  .         Spirit   .     a - +0 cloak
SustAb .         Warding  .     (gloves unavailable)
rMut   .         NoTele   +     (boots unavailable)
Gourm  .                        J - amulet "Awususar" {+Rage rC+}
MR     +....                    I - ring of Buaqoeg {Wiz Str+4 Int+2 Slay+3}
                                G - ring of protection from fire

@: somewhat resistant to hostile enchantments, very unstealthy
A: unfitting armour, tough skin 1
a: Heroism, Finesse, Renounce Religion, Evoke Berserk Rage


You were in the Dungeon.
You worshipped Okawaru.
Okawaru was exalted by your worship.
You were not hungry.

You visited 1 branch You collected 1900 gold pieces.
You spent 1510 gold pieces at shops.

Inventory:

Hand weapons
 o - a +2 dire flail of protection (weapon)
 L - the +5 hunting sling of Lucellax {speed, rC+ MR+ SInv}
   (Okawaru gifted it to you in the Dungeon)

   Attacks with this weapon are significantly faster.
   It protects you from cold.
   It affects your resistance to hostile enchantments.
   It enhances your eyesight.
Missiles
 b - 6 large rocks (quivered)
 f - 3 throwing nets
 C - 13 tomahawks of dispersal
 M - 4 steel tomahawks
 N - 3 tomahawks
 O - 3 silver tomahawks
Armour
 a - a +0 cloak (worn)
 q - a +2 hat (worn)
 y - a +2 robe of positive energy (worn)
 B - a +2 robe of magic resistance
 K - a +2 robe of fire resistance
 P - a +0 hat of magic resistance
Magical devices
 c - a wand of draining (1)
 n - a wand of fire (7)
 A - a wand of invisibility (2)
Comestibles
 d - 3 chunks of fire dragon flesh
 w - 13 bread rations
 x - 13 meat rations
 z - 39 fruits
Scrolls
 k - 5 scrolls of blinking
 l - 2 scrolls of remove curse
 m - 2 scrolls of amnesia
 p - 3 scrolls of fog
 t - 3 scrolls of fear
 u - 2 scrolls of enchant weapon
 v - a scroll of identify
Jewellery
 D - an uncursed ring of poison resistance
 E - an uncursed ring of ice
 F - an uncursed ring of protection from magic
 G - a ring of protection from fire (left hand)
 I - the ring of Buaqoeg (right hand) {Wiz Str+4 Int+2 Slay+3}
   (You bought it in a shop in the Dungeon)

   [ring of wizardry]

   It improves your spell success rate.
   It affects your strength (+4).
   It affects your intelligence (+2).
   It affects your accuracy and damage with ranged weapons and melee attacks
   (+3).
 J - the amulet "Awususar" (around neck) {+Rage rC+}
   (You bought it in a shop in the Dungeon)

   [amulet of rage]

   It protects you from cold.
   It lets you go berserk.
Potions
 e - 5 potions of curing
 g - 5 potions of heal wounds
 h - 5 potions of haste
 i - 4 potions of magic
 j - a potion of brilliance
 r - a potion of might
 H - a potion of agility
Books
 s - a book of Spatial Translocations

   Spells                             Type                      Level
   Apportation                        Translocation                1
   *Blink                             Translocation                2
   *Shroud of Golubria                Charms/Translocation         2
   *Portal Projectile                 Translocation                3
   Teleport Other                     Translocation                3
   Passage of Golubria                Translocation                4


   Skills:
 - Level 17.1 Fighting
 - Level 19.4 Maces & Flails
 - Level 15.1 Throwing
 + Level 19.9 Dodging
 + Level 0.7 Stealth
 - Level 11.5 Translocations
 - Level 8.9 Invocations
 - Level 8.5 Evocations


You had 6 spell levels left.
You knew the following spells:

 Your Spells              Type           Power        Failure   Level  Hunger
a - Blink                 Tloc           N/A          1%          2    ###....
b - Portal Projectile     Tloc           ####..       1%          3    ####...
c - Shroud of Golubria    Chrm/Tloc      ###.......   1%          2    ###....


Dungeon Overview and Level Annotations

Branches:
Dungeon (1/1)

Altars:
Cheibriados
Dithmenos
Elyvilon
Fedhas
Gozag
Kikubaaqudgha
Makhleb
Nemelex Xobeh
Okawaru
Qazlal
Sif Muna
Trog
Vehumet
Xom
Yredelemnul
Zin
The Shining One
Beogh
Jiyva
Lugonu

Shops:
D =[((


Innate Abilities, Weirdness & Mutations

You are too large for most types of armour.
You have tough skin (AC +1).


Message History

The spriggan berserker utters an invocation to Trog.
The spriggan berserker goes berserk!
Throwing (i - inventory. (,) - cycle):
b - 8 large rocks (quivered)
Press: ? - help, Shift-Dir - straight line, f/p - fire dragon
Aim: a fire dragon (almost dead)
You throw a large rock.
The large rock hits the fire dragon but does no damage.
The fire dragon is almost dead.
The fire dragon breathes flames at you. The blast of flame hits you!
You resist.
* * * LOW HITPOINT WARNING * * *
Unknown command.
Throwing (i - inventory. (,) - cycle):
b - 7 large rocks (quivered)
Press: ? - help, Shift-Dir - straight line, f/p - fire dragon
Aim: a fire dragon (almost dead, catching its breath)
You throw a large rock. The large rock hits the fire dragon!
You kill the fire dragon!
Okawaru accepts your kill.
The spriggan berserker hits you with a runed quarterstaff!!!
You die...

▓(▓.▓.▓.▓)▓.▓.▓.▓.
▓(▓.▓.▓.▓)▓.▓.▓.▓'
▓(▓.▓.▓.▓)▓.▓.▓)▓.
▓(▓.▓)▓.▓)▓.▓)▓.▓.
▓(▓.▓(▓)▓)▓.▓)▓.▓.
▓Y▓.▓)▓)▓)▓.▓)▓.▓.
▓%▓.▓)▓.▓)▓.▓.▓.▓.
▓i▓.▓'▓.▓)▓.▓)▓.▓.
▓@▓.▓(▓.▓.▓.▓[▓.▓.
▓.▓.▓.▓.▓.▓.▓'▓.▓)
▓.▓.▓.▓.▓.▓.▓.▓.▓.
▓.▓.▓.▓.▓.▓.▓.▓.▓.
▓.▓.▓.▓.▓.▓.▓.▓.▓.
▓)▓.▓.▓.▓'▓.▓.▓.▓.
▓.▓.▓.▓.▓.▓.▓.▓.▓.
▓.▓.▓.▓.▓.▓.▓.▓.▓'
▓)▓.▓.▓.▓.▓.▓.▓.▓.


You could see an elephant (berserk) and a spriggan berserker (berserk).

Vanquished Creatures
  Agnes (D)
  A tengu reaver (D)
  A greater naga (D)
  A frost giant (D)
  Gastronok (D)
  A stone giant (D)
  An ettin (D)
  Josephine (D)
  3 fire dragons (D)
  A great orb of eyes (D)
  6 ogre magi (D)
  A naga warrior (D)
  A rakshasa (D)
  2 shambling mangroves (D)
  2 hydras (D)
  Erica (D)
  A deep troll shaman (D)
  An alligator (D)
  A satyr (D)
  An anaconda (D)
  2 catoblepae (D)
  2 sea snakes (D)
  A giant orange brain (D)
  4 orc knights (D)
  A harpy (D)
  4 wolf spiders (D)
  An orc sorcerer (D)
  A griffon (D)
  A faun (D)
  3 naga magi (D)
  An octopode (shapeshifter) (D)
  5 spiny frogs (D)
  A torpor snail (D)
  Psyche (D)
  2 black mambas (D)
  A komodo dragon (shapeshifter) (D)
  A komodo dragon (D)
  A demonic crawler (D)
  3 merfolk (D)
  A kobold demonologist (D)
  3 blink frogs (D)
  2 giant leeches (D)
  A troll (D)
  4 two-headed ogres (D)
  A wind drake (D)
  3 ravens (D)
  2 trapdoor spiders (D)
  A tarantella (D)
  2 basilisks (D)
  A deep elf mage (D)
  An ugly thing (D)
  2 hippogriffs (D)
  A yak (D)
  2 steam dragons (D)
  A vampire (D)
  5 vampire mosquitoes (D)
  A naga (D)
  4 water moccasins (D)
  A porcupine (D)
  6 ogres (D)
  2 ice beasts (D)
  2 boggarts (D)
  A sky beast (D)
  11 orc warriors (D)
  A brain worm (D)
  2 giant frogs (D)
  A crimson imp (D)
  A hound (D)
  2 orc priests (D)
  3 orc wizards (D)
  A gnoll (D)
  3 green rats (D)
  A shadow imp (D)
  An adder zombie (D)
  A worm simulacrum (D)
  An adder simulacrum (D)
  8 orcs (D)
  A giant cockroach (D)
  3 goblins (D)
  A hobgoblin (D)
  A jackal (D)
  A quokka (D)
  A giant newt (D)
  A hobgoblin skeleton (D)
  A kobold skeleton (D)
  A kobold zombie (D)
  An orc skeleton (D)
  A rat (D)
  A rat zombie (D)
166 creatures vanquished.

Notes
Turn   | Place    | Note
--------------------------------------------------------------
     0 | D        | BluebellGnoll, the Ogre Hunter, began the quest for the Orb.
     0 | D        | Reached XP level 1. HP: 22/22 MP: 1/1
   127 | D        | Noticed an ogre
   127 | D        | Noticed a crimson imp
   132 | D        | Reached skill level 6 in Maces & Flails
   132 | D        | Reached XP level 2. HP: 20/29 MP: 2/2
   137 | D        | Killed a crimson imp
   137 | D        | Reached skill level 9 in Maces & Flails
   137 | D        | Reached XP level 3. HP: 26/36 MP: 3/3
   143 | D        | Killed an ogre
   143 | D        | Reached skill level 12 in Maces & Flails
   143 | D        | Reached XP level 4. HP: 31/44 MP: 4/4
   143 | D        | Reached XP level 5. HP: 35/50 MP: 5/5
   150 | D        | Found a glowing silver altar of Zin.
   150 | D        | Found a glowing golden altar of the Shining One.
   150 | D        | Found an ancient bone altar of Kikubaaqudgha.
   150 | D        | Found a basalt altar of Yredelemnul.
   150 | D        | Found a shimmering altar of Xom.
   150 | D        | Found a radiant altar of Vehumet.
   150 | D        | Found an iron altar of Okawaru.
   151 | D        | Found a burning altar of Makhleb.
   152 | D        | Found a deep blue altar of Sif Muna.
   153 | D        | Found a bloodstained altar of Trog.
   154 | D        | Found a sparkling altar of Nemelex Xobeh.
   155 | D        | Found a white marble altar of Elyvilon.
   156 | D        | Found a roughly hewn altar of Beogh.
   157 | D        | Found a viscous altar of Jiyva.
   158 | D        | Found a corrupted altar of Lugonu.
   159 | D        | Became a worshipper of Warmaster Okawaru
   202 | D        | Found a blossoming altar of Fedhas.
   203 | D        | Found a snail-covered altar of Cheibriados.
   204 | D        | Found a shadowy altar of Dithmenos.
   205 | D        | Found a stormy altar of Qazlal.
   206 | D        | Found an opulent altar of Gozag.
   305 | D        | Noticed a sky beast
   305 | D        | Noticed a steam dragon
   305 | D        | Noticed a steam dragon
   305 | D        | Noticed a hound
   305 | D        | Noticed a deep elf mage
   306 | D        | Noticed an ice beast
   307 | D        | Killed an ice beast
   308 | D        | Noticed an ice beast
   309 | D        | Killed an ice beast
   309 | D        | Killed a deep elf mage
   309 | D        | Reached skill level 10 in Fighting
   309 | D        | Reached XP level 6. HP: 56/79 MP: 6/6
   309 | D        | Killed a hound
   309 | D        | Killed a steam dragon
   309 | D        | Acquired Okawaru's first power
   309 | D        | Reached skill level 13 in Fighting
   309 | D        | Reached XP level 7. HP: 61/93 MP: 7/7
   316 | D        | Killed a steam dragon
   316 | D        | Reached skill level 14 in Fighting
   325 | D        | HP: 1/97 [something (6)]
   330 | D        | Killed a sky beast
   330 | D        | Reached skill level 15 in Fighting
   648 | D        | Noticed a purple ugly thing
   648 | D        | Noticed a vampire mosquito
   648 | D        | Noticed a catoblepas
   648 | D        | Noticed a yak
   654 | D        | Killed a yak
   693 | D        | Killed a catoblepas
   693 | D        | Reached XP level 8. HP: 26/107 MP: 8/8
   695 | D        | Killed a vampire mosquito
   708 | D        | Killed a cyan ugly thing
   708 | D        | Reached XP level 9. HP: 9/115 MP: 9/9
  1191 | D        | Learned a level 2 spell: Blink
  1196 | D        | Noticed a porcupine
  1196 | D        | Noticed a spiny frog
  1196 | D        | Noticed a water moccasin
  1196 | D        | Noticed a water moccasin
  1196 | D        | Noticed a basilisk
  1196 | D        | Noticed a water moccasin
  1198 | D        | Killed a basilisk
  1203 | D        | Killed a water moccasin
  1204 | D        | Killed a water moccasin
  1204 | D        | Reached skill level 5 in Dodging
  1210 | D        | Killed a water moccasin
  1214 | D        | Killed a spiny frog
  1217 | D        | Killed a porcupine
  1218 | D        | Noticed a giant frog
  1223 | D        | Killed a giant frog
  1464 | D        | Noticed a komodo dragon
  1464 | D        | Noticed a spiny frog
  1464 | D        | Noticed a brain worm
  1464 | D        | Noticed a basilisk
  1464 | D        | Noticed a hippogriff
  1464 | D        | Noticed a griffon
  1465 | D        | Noticed a hippogriff
  1472 | D        | Killed a griffon
  1472 | D        | Received a gift from Okawaru
  1472 | D        | Reached skill level 10 in Dodging
  1474 | D        | Noticed a blink frog
  1476 | D        | Killed a hippogriff
  1479 | D        | Killed a blink frog
  1479 | D        | Reached XP level 10. HP: 104/126 MP: 8/10
  1484 | D        | Killed a basilisk
  1487 | D        | Killed a brain worm
  1494 | D        | Killed a spiny frog
  1500 | D        | Killed a komodo dragon
  1505 | D        | Killed a hippogriff
  1520 | D        | Received a gift from Okawaru
  1860 | D        | Noticed a spiny frog
  1860 | D        | Noticed a vampire mosquito
  1860 | D        | Noticed a spiny frog
  1860 | D        | Noticed a blink frog
  1860 | D        | Noticed a giant frog
  1860 | D        | Noticed a blink frog
  1860 | D        | Noticed a giant leech
  1868 | D        | Killed a spiny frog
  1874 | D        | Killed a giant leech
  1875 | D        | Killed a vampire mosquito
  1877 | D        | Killed a blink frog
  1886 | D        | Killed a spiny frog
  1886 | D        | Received a gift from Okawaru
  1889 | D        | Killed a giant frog
  1893 | D        | HP: 5/126 [blink frog (14)]
  1901 | D        | Noticed a vampire mosquito
  1907 | D        | Killed a vampire mosquito
  1914 | D        | Killed a blink frog
  1943 | D        | Acquired Okawaru's second power
  2186 | D        | Noticed Erica
  2192 | D        | Killed Erica
  2192 | D        | Reached skill level 15 in Maces & Flails
  2266 | D        | Noticed Josephine
  2278 | D        | Killed Josephine
  2278 | D        | Received a gift from Okawaru
  2278 | D        | Reached XP level 11. HP: 133/133 MP: 11/11
  2333 | D        | Noticed an orc warrior
  2333 | D        | Noticed an orc warrior
  2333 | D        | Noticed an orc wizard
  2333 | D        | Noticed an orc warrior
  2336 | D        | Killed an orc warrior
  2336 | D        | Reached skill level 1 in Translocations
  2337 | D        | Noticed an orc priest
  2338 | D        | Killed an orc wizard
  2343 | D        | Killed an orc warrior
  2346 | D        | Killed an orc warrior
  2349 | D        | Noticed an orc knight
  2356 | D        | Killed an orc priest
  2359 | D        | Noticed an orc wizard
  2374 | D        | Killed an orc knight
  2374 | D        | Received a gift from Okawaru
  2378 | D        | Killed an orc wizard
  2564 | D        | Learned a level 3 spell: Portal Projectile
  2565 | D        | Noticed an orc warrior
  2565 | D        | Noticed an orc warrior
  2565 | D        | Noticed an orc warrior
  2565 | D        | Noticed an orc sorcerer
  2565 | D        | Noticed an orc warrior
  2565 | D        | Noticed an orc priest
  2569 | D        | Killed an orc priest
  2576 | D        | Noticed an orc wizard
  2577 | D        | Killed an orc sorcerer
  2577 | D        | Reached skill level 5 in Translocations
  2578 | D        | Noticed an orc warrior
  2582 | D        | Noticed an orc warrior
  2583 | D        | Killed an orc warrior
  2590 | D        | Killed an orc warrior
  2592 | D        | Killed an orc warrior
  2593 | D        | Killed an orc warrior
  2603 | D        | Killed an orc warrior
  2603 | D        | Received a gift from Okawaru
  2604 | D        | Killed an orc warrior
  2608 | D        | Killed an orc wizard
  2609 | D        | Noticed an orc knight
  2610 | D        | Noticed an orc warrior
  2619 | D        | Killed an orc knight
  2626 | D        | Killed an orc warrior
  2644 | D        | Received a gift from Okawaru
  2760 | D        | Learned a level 2 spell: Shroud of Golubria
  2761 | D        | Found Ewuuch's Antique Weapon Boutique.
  2761 | D        | Noticed a two-headed ogre
  2761 | D        | Noticed an ogre
  2761 | D        | Noticed an ogre
  2761 | D        | Noticed an ogre
  2761 | D        | Noticed an ogre mage
  2761 | D        | Noticed an ogre mage
  2762 | D        | Found Bogon's Antique Weapon Shop.
  2762 | D        | Noticed a two-headed ogre
  2766 | D        | Killed an ogre mage
  2767 | D        | Noticed a two-headed ogre
  2768 | D        | Noticed a two-headed ogre
  2771 | D        | Killed an ogre mage
  2773 | D        | Killed an ogre
  2777 | D        | Killed a two-headed ogre
  2778 | D        | Killed a two-headed ogre
  2779 | D        | Killed an ogre
  2779 | D        | Received a gift from Okawaru
  2780 | D        | Got a smoking great mace {god gift}
  2782 | D        | Killed an ogre
  2783 | D        | Killed a two-headed ogre
  2783 | D        | Reached skill level 10 in Translocations
  2785 | D        | Killed a two-headed ogre
  2787 | D        | Found Omaqaist's Antique Armour Boutique.
  2790 | D        | Noticed an ogre mage
  2791 | D        | Noticed an ogre mage
  2792 | D        | Found Weacw's Jewellery Shop.
  2793 | D        | Killed an ogre mage
  2798 | D        | Noticed an ogre
  2801 | D        | Killed an ogre mage
  2801 | D        | Reached XP level 12. HP: 143/143 MP: 12/12
  2803 | D        | Noticed an ogre
  2803 | D        | Killed an ogre
  2806 | D        | Killed an ogre
  2871 | D        | Noticed Psyche
  2877 | D        | Killed Psyche
  3102 | D        | Bought the ring of Buaqoeg {Wiz Str+4 Int+2 Slay+3} for 808 gold pieces
  3102 | D        | Bought the amulet "Awususar" {+Rage rC+} for 702 gold pieces
  3239 | D        | Noticed a troll
  3239 | D        | Noticed an orc warrior
  3239 | D        | Noticed an orc knight
  3239 | D        | Noticed a kobold demonologist
  3239 | D        | Noticed a vampire mosquito
  3244 | D        | Killed a vampire mosquito
  3245 | D        | Noticed an orc knight
  3246 | D        | Killed a kobold demonologist
  3246 | D        | Reached skill level 1 in Evocations
  3247 | D        | Noticed a giant orange brain
  3249 | D        | Killed an orc warrior
  3254 | D        | Killed an orc knight
  3254 | D        | Reached skill level 16 in Maces & Flails
  3264 | D        | Killed an orc knight
  3268 | D        | Killed a troll
  3268 | D        | Received a gift from Okawaru
  3269 | D        | Killed a giant orange brain
  3272 | D        | Noticed an ogre mage
  3273 | D        | Noticed a boggart
  3274 | D        | Noticed a komodo dragon
  3275 | D        | Noticed a rakshasa
  3276 | D        | Noticed a great orb of eyes
  3277 | D        | Noticed a boggart
  3283 | D        | Killed an ogre mage
  3283 | D        | Reached skill level 17 in Maces & Flails
  3283 | D        | Reached skill level 5 in Evocations
  3288 | D        | Killed a boggart
  3296 | D        | Killed a komodo dragon
  3297 | D        | a komodo dragon changed into an octopode
  3303 | D        | Killed a great orb of eyes
  3310 | D        | Killed a boggart
  3325 | D        | Killed a rakshasa
  3325 | D        | Reached skill level 18 in Maces & Flails
  3359 | D        | Got a blackened hunting sling {god gift}
  3360 | D        | Identified the +5 hunting sling of Lucellax {speed, rC+ MR+ SInv} (Okawaru gifted it to you in the Dungeon)
  3592 | D        | Noticed Gastronok
  3611 | D        | Killed Gastronok
  3665 | D        | Noticed Agnes
  3672 | D        | Killed Agnes
  3672 | D        | Received a gift from Okawaru
  3672 | D        | Reached skill level 19 in Maces & Flails
  3736 | D        | Noticed a merfolk
  3736 | D        | Noticed a harpy
  3736 | D        | Noticed a sea snake
  3736 | D        | Noticed a merfolk
  3736 | D        | Noticed a wind drake
  3736 | D        | Noticed a faun
  3736 | D        | Noticed a satyr
  3740 | D        | Killed a satyr
  3740 | D        | Reached skill level 1 in Invocations
  3743 | D        | Killed a faun
  3744 | D        | Killed a harpy
  3747 | D        | Noticed a sea snake
  3747 | D        | Killed a wind drake
  3748 | D        | Killed a merfolk
  3748 | D        | Reached XP level 13. HP: 148/152 MP: 18/25
  3750 | D        | Noticed a merfolk
  3751 | D        | Killed a sea snake
  3753 | D        | Killed a merfolk
  3755 | D        | Killed a sea snake
  3765 | D        | Killed a merfolk
  3765 | D        | Reached skill level 15 in Dodging
  3801 | D        | Received a gift from Okawaru
  3815 | D        | Noticed a spiny frog
  3815 | D        | Noticed an eight-headed hydra
  3815 | D        | Noticed a water moccasin
  3815 | D        | Noticed an alligator
  3815 | D        | Noticed a shambling mangrove
  3815 | D        | Noticed a vampire mosquito
  3815 | D        | Noticed a giant leech
  3818 | D        | Killed a giant leech
  3819 | D        | Killed a vampire mosquito
  3819 | D        | Reached skill level 5 in Invocations
  3822 | D        | Killed a shambling mangrove
  3827 | D        | Killed an alligator
  3828 | D        | Killed a water moccasin
  3829 | D        | Noticed a five-headed hydra
  3831 | D        | Killed an eight-headed hydra
  3831 | D        | Received a gift from Okawaru
  3833 | D        | Killed a spiny frog
  3836 | D        | Noticed a shambling mangrove
  3836 | D        | Killed a five-headed hydra
  3844 | D        | Killed a shambling mangrove
  3874 | D        | Noticed a wolf spider
  3874 | D        | Noticed a wolf spider
  3874 | D        | Noticed a demonic crawler
  3874 | D        | Noticed a torpor snail
  3874 | D        | Noticed a tarantella
  3874 | D        | Noticed a wolf spider
  3883 | D        | Killed a wolf spider
  3885 | D        | Killed a tarantella
  3891 | D        | Killed a torpor snail
  3894 | D        | Killed a demonic crawler
  3895 | D        | Killed a wolf spider
  3897 | D        | Killed a wolf spider
  3898 | D        | Noticed a wolf spider
  3899 | D        | Noticed a trapdoor spider
  3899 | D        | Killed a wolf spider
  3899 | D        | Reached skill level 15 in Throwing
  3901 | D        | Killed a trapdoor spider
  3927 | D        | Noticed a trapdoor spider
  3933 | D        | Killed a trapdoor spider
  3992 | D        | Noticed a naga
  3992 | D        | Noticed a naga warrior
  3992 | D        | Noticed a black mamba
  3992 | D        | Noticed a naga mage
  3992 | D        | Noticed a black mamba
  3992 | D        | Noticed a naga mage
  3992 | D        | Noticed a greater naga
  3995 | D        | Killed a greater naga
  3997 | D        | Killed a naga mage
  3998 | D        | Killed a black mamba
  3999 | D        | Killed a naga mage
  4002 | D        | Killed a black mamba
  4006 | D        | Noticed an anaconda
  4010 | D        | Killed a naga warrior
  4010 | D        | Received a gift from Okawaru
  4014 | D        | Killed a naga
  4018 | D        | Killed an anaconda
  4019 | D        | Noticed a naga mage
  4020 | D        | Killed a naga mage
  4135 | D        | Noticed a deep troll shaman
  4135 | D        | Noticed an ettin
  4135 | D        | Noticed a fire dragon
  4135 | D        | Noticed a catoblepas
  4135 | D        | Noticed a fire dragon
  4135 | D        | Noticed an ogre mage
  4135 | D        | Noticed a vampire
  4140 | D        | Killed a vampire
  4145 | D        | Killed an ogre mage
  4157 | D        | Killed a fire dragon
  4195 | D        | Killed a catoblepas
  4204 | D        | Killed an ettin
  4204 | D        | Reached XP level 14. HP: 54/166 MP: 26/26
  4206 | D        | Killed a deep troll shaman
  4207 | D        | Killed a fire dragon
  4209 | D        | Noticed a frost giant
  4216 | D        | Killed a frost giant
  4226 | D        | Noticed a stone giant
  4237 | D        | Killed a stone giant
  4246 | D        | Noticed a tengu reaver
  4293 | D        | Noticed a fire dragon
  4295 | D        | Noticed a spriggan berserker
  4295 | D        | Killed a tengu reaver
  4308 | D        | Killed a fire dragon
  4308 | D        | Mangled by a spriggan berserker

Action                   |  1- 3 |  4- 6 |  7- 9 | 10-12 | 13-15 || total
-------------------------+-------+-------+-------+-------+-------++-------
Melee: Club              |    29 |     1 |       |       |       ||    30
       Dire flail        |       |       |    70 |   173 |    28 ||   271
Throw: Large rock        |       |       |     8 |   117 |    80 ||   205
       Throwing net      |       |       |     2 |     3 |       ||     5
       Tomahawk          |       |       |       |     7 |    64 ||    71
Invok: Heroism           |       |       |     3 |     7 |     2 ||    12
       Finesse           |       |       |       |     1 |     2 ||     3
Evoke: Wand              |       |     3 |     4 |       |     6 ||    13
  Use: Potion            |     1 |       |     2 |     1 |     1 ||     5
       Scroll            |       |       |       |     2 |       ||     2
 Stab: Invisible         |       |       |     5 |       |       ||     5
       Sleeping          |       |       |     2 |       |       ||     2
       Held in net/web   |       |       |       |     1 |       ||     1
  Eat: Meat ration       |       |       |     1 |       |       ||     1
       Chunk             |       |       |       |     4 |     3 ||     7
       Fruit             |       |       |       |     1 |       ||     1
